AoeStats
← Coalaviajero

Black Forest

510210940Analyzed
4v4 RM · 1d ago on Sep 30, 2026· 51m 11s· 8 players
Game mode
Random Map
Map size
Large (8 player)
Population
200
Speed
Normal
Resources
Standard
Victory
Conquest
Starting age
Dark Age
Ending age
Imperial Age
RankedLock teamsTeams togetherTeam positionsShared explorationLock speedFull tech treeHidden civsTurbo modeCheats
Victory
Defeat
🇨🇴 Georgians · Colombia
950
+11
🇦🇷 Huns · Argentina
938
+12
🇺🇸 Spanish · United States
868
+14
🇬🇧 Saxons · United Kingdom
856
+15
🇦🇷 Burgundians · Argentina
929
-17
🇦🇷 Spanish · Argentina
871
-14
🇧🇷 Japanese · Brazil
788
-11
🇦🇷 Romans · Argentina
757
-10
goldenboy54
0:40 Loom
13:41 Feudal Age
17:07 Horse Collar
17:40 Double-Bit Axe
21:16 Castle Age
19:21 Fishing Lines
22:47 Wheelbarrow
24:22 Hand Cart
25:38 Gillnets
30:32 Bow Saw
31:48 Forging
31:29 Fletching
31:39 Padded Archer Armor
31:40 Scale Mail Armor
33:10 Pikeman
33:35 Gambesons
33:51 Squires
33:37 Arson
34:06 Bloodlines
33:57 Husbandry
34:06 Caravan
38:54 Imperial Age
37:46 Scale Barding Armor
37:57 Chain Mail Armor
38:17 Iron Casting
39:10 Fortified Wall
39:31 Cavalier
40:04 Halberdier
44:50 Chemistry
43:36 Arrowslits
43:41 Guard Tower
44:12 Ballistics
43:30 Paladin
46:55 Chain Barding Armor
47:36 Blast Furnace
47:07 Plate Mail Armor
47:37 Elite Skirmisher
50:03 Leather Archer Armor
49:43 Bodkin Arrow
51:03 Bombard Tower
51:19 Keep
50:55 Masonry
50:41 Murder Holes
Executioner's Bong
0:29 Loom
17:08 Feudal Age
17:54 Double-Bit Axe
19:18 Horse Collar
24:04 Gold Mining
25:02 Forging
27:11 Castle Age
25:13 Arson
26:53 Fletching
27:39 Stone Mining
29:10 Gambesons
30:58 Bow Saw
32:22 Scale Mail Armor
34:33 Town Watch
35:26 Wheelbarrow
35:16 Heavy Plow
38:04 Hand Cart
37:33 Elite Skirmisher
38:56 Fortified Wall
38:28 Treadmill Crane
38:55 Bodkin Arrow
40:30 Ballistics
40:15 Padded Archer Armor
43:04 Imperial Age
41:24 Gold Shaft Mining
41:25 Thumb Ring
42:45 Leather Archer Armor
42:46 Masonry
42:37 Crossbowman
43:50 Bracer
44:53 Chemistry
45:02 Two-Man Saw
44:06 Arbalester
45:24 Conscription
46:53 Shield Wall
48:37 Siege Engineers
49:25 Chain Mail Armor
49:46 Iron Casting
Weich94
1:24 Loom
13:29 Feudal Age
17:34 Castle Age
16:07 Double-Bit Axe
16:04 Horse Collar
19:25 Bow Saw
21:04 Fishing Lines
22:51 Gold Mining
24:08 Gillnets
26:38 Husbandry
29:11 Bloodlines
31:03 Forging
30:51 Light Cavalry
32:53 Iron Casting
32:24 Scale Barding Armor
35:07 Chain Barding Armor
35:24 Fortified Wall
35:08 Fletching
38:16 Imperial Age
35:31 Treadmill Crane
39:19 Conscription
38:20 Elite Monaspa
40:01 Blast Furnace
39:37 Plate Barding Armor
38:44 Onager
39:47 Aznauri Cavalry
40:30 Heavy Plow
41:07 Wheelbarrow
41:15 Bodkin Arrow
41:20 Padded Archer Armor
41:43 Ballistics
41:52 Masonry
42:21 Hoardings
42:22 Bracer
46:06 Chemistry
47:58 Heavy Scorpion
Santy20
0:49 Loom
11:59 Feudal Age
16:07 Castle Age
14:42 Double-Bit Axe
15:36 Wheelbarrow
20:59 Bow Saw
31:57 Scale Barding Armor
32:03 Forging
36:37 Imperial Age
34:25 Hand Cart
33:56 Town Watch
34:17 Murder Holes
34:34 Horse Collar
34:50 Gold Mining
34:52 Stone Mining
35:24 Chain Barding Armor
35:41 Iron Casting
37:11 Bloodlines
37:02 Husbandry
37:06 Marauders
37:33 Heavy Plow
37:39 Cavalier
39:48 Plate Barding Armor
40:14 Blast Furnace
40:25 Blast Furnace
41:23 Paladin
| LEON | SAPULHA
0:27 Loom
13:25 Feudal Age
18:48 Castle Age
17:27 Gold Mining
18:25 Double-Bit Axe
21:03 Fishing Lines
22:14 Gillnets
25:28 Wheelbarrow
26:37 Horse Collar
32:13 Imperial Age
31:27 Gold Shaft Mining
30:43 Stone Mining
33:21 Kataparuto
33:47 Fortified Wall
34:37 Chemistry
33:43 Elite Samurai
34:44 Conscription
34:51 Scale Mail Armor
35:01 Forging
35:39 Murder Holes
36:05 Ballistics
36:37 Bow Saw
36:30 Heavy Plow
36:50 Hand Cart
36:20 Town Watch
37:14 Chain Mail Armor
37:35 Iron Casting
38:41 Plate Mail Armor
42:16 Blast Furnace
41:41 Pikeman
42:22 Squires
42:25 Halberdier
44:55 Fletching
45:06 Padded Archer Armor
45:14 Guard Tower
Coalaviajero
0:54 Loom
16:02 Feudal Age
17:40 Wheelbarrow
16:57 Double-Bit Axe
17:19 Horse Collar
21:15 Town Watch
25:19 Castle Age
24:16 Scale Barding Armor
24:05 Fletching
25:17 Scale Mail Armor
25:27 Forging
27:43 Iron Casting
26:35 Pikeman
28:07 Bodkin Arrow
29:09 Stone Mining
30:31 Bow Saw
33:22 Hand Cart
33:37 Padded Archer Armor
33:58 Chain Barding Armor
34:01 Heavy Plow
34:25 Gold Mining
35:12 Leather Archer Armor
38:35 Husbandry
40:18 Stone Shaft Mining
42:13 Caravan
42:24 Gambesons
43:33 Chain Mail Armor
43:24 Squires
48:51 Imperial Age
46:51 Bloodlines
L'EzzE
6:36 Loom
8:31 Loom
11:59 Feudal Age
13:27 Town Watch
17:05 Castle Age
15:16 Double-Bit Axe
19:25 Bow Saw
24:56 Gold Mining
25:00 Horse Collar
27:21 Scale Barding Armor
27:28 Forging
28:01 Cavalier
28:43 Husbandry
29:15 Chain Barding Armor
29:18 Heavy Plow
29:58 Wheelbarrow
30:51 Two-Man Saw
32:05 Iron Casting
37:41 Imperial Age
36:16 Hand Cart
36:08 Town Patrol
38:28 Paladin
40:11 Blast Furnace
39:46 Plate Barding Armor
fedetiberio
3:53 Loom
12:40 Feudal Age
13:39 Town Watch
15:56 Double-Bit Axe
19:13 Horse Collar
19:31 Stone Mining
19:34 Gold Mining
19:42 Fishing Lines
22:36 Wheelbarrow
26:38 Castle Age
25:15 Fletching
25:25 Padded Archer Armor
25:36 Forging
25:27 Scale Mail Armor
25:32 Scale Barding Armor
29:17 Town Patrol
32:29 Imperial Age
30:24 Murder Holes
30:50 Ballistics
30:32 Bodkin Arrow
32:25 Hand Cart
34:31 Pikeman
35:11 Squires
36:55 Gold Shaft Mining
36:21 Gillnets
37:00 Bow Saw
36:54 Heavy Plow
37:58 Chemistry
39:47 Siege Engineers
39:54 Masonry
40:49 Conscription
42:53 Architecture
42:35 Fortified Wall
43:09 Crop Rotation
42:52 Guilds
43:54 Halberdier
Connection lost

Rejoining the realm…

Still unreachable

The connection could not be restored.

Session expired

The server has moved on; the page needs a fresh start.